 Dungeon Crawl Stone Soup version 0.31-a0-841-g038b102fc3 (webtiles) character file.

Game seed: 2195802707929119643

1426 Dordric the Placeless Draconian (level 8, -2/61 HPs)
             Began as a White Draconian Warper on Sept 28, 2023.
             Was a Believer of Makhleb.
             Slain by Joseph
             ... wielding a +0 quarterstaff
              (5 damage)
             ... on level 7 of the Dungeon.
             The game lasted 00:05:54 (5423 turns).

Dordric the Placeless Draconian (DrWr)              Turns: 5423, Time: 00:05:55

Health: -2/61      AC:  6    Str: 15    XL:     8   Next: 44%
Magic:  20/20      EV: 12    Int: 13    God:    Makhleb [**....]
Gold:   335        SH:  0    Dex: 15    Spells: 7/11 levels left

rFire   . . .        q - +7 dagger "Beetlebane" {freeze, rN++ Will- MP+9 Dex+3}
rCold   + . .        (no shield)
rNeg    + + .        (body armour unavailable)
rPois   .            (helmet restricted)
rElec   .            (no cloak)
rCorr   .            (no gloves)
SInv    +            (no boots)
Will    .....        (no amulet)
Stlth   +            j - ring of see invisible
HPRegen 0.30/turn    (no ring)
MPRegen 0.17/turn

%: no passive effects
@: no status effects
A: breathe frost, AC +6, unfitting armour, cold resistance 1, cold-blooded
a: Breathe Frost, Renounce Religion, Minor Destruction


You were on level 7 of the Dungeon.
You worshipped Makhleb.
Makhleb was pleased with you.
You visited 1 branch of the dungeon, and saw 7 of its levels.

You collected 335 gold pieces.

Inventory:

Hand Weapons
 a - a +0 falchion
 q - the +7 dagger "Beetlebane" (weapon) {freeze, rN++ Will- MP+9 Dex+3}
   (You found it on level 3 of the Dungeon)

   Dex+3:     It affects your dexterity (+3).
   rN++:      It greatly protects you from negative energy.
   Will-:     It decreases your willpower.
   MP+9:      It affects your magic capacity (+9).
Missiles
 c - 7 darts of dispersal (quivered)
 d - 4 curare-tipped darts
Jewellery
 j - a ring of see invisible (left hand)
Talismans
 f - a blade talisman
Wands
 l - a wand of flame (19)
Scrolls
 b - 2 scrolls of blinking
 k - 2 scrolls of amnesia
 n - a scroll of immolation
 o - a scroll of vulnerability
 p - a scroll of enchant armour
 r - 2 scrolls of teleportation
 u - 3 scrolls of fog
 v - a scroll of noise
Potions
 e - a potion of brilliance
 g - a potion of cancellation
 h - a potion of haste
 i - 3 potions of heal wounds


   Skills:
 - Level 2.1 Fighting
 - Level 6.4 Long Blades
 - Level 0.8 Throwing
 - Level 2.1 Dodging
 - Level 2.0 Spellcasting
 + Level 9.1 Translocations


You had 7 spell levels left.
You knew the following spells:

 Your Spells              Type           Power      Damage    Failure   Level
a - Manifold Assault      Tloc           24%        N/A       6%          4

Your spell library contained the following spells:

 Spells                   Type           Power      Damage    Failure   Level
 Blink                    Tloc           48%        N/A       1%          2
 Lesser Beckoning         Tloc           48%        N/A       1%          2
 Teleport Other           Tloc           24%        N/A       1%          3
 Slow                     Hex            4%         N/A       26%         1
 Poisonous Vapours        Pois/Air       2%         N/A       36%         2
 Vhi's Electric Charge    Tloc/Air       26%        N/A       36%         4
 Confusing Touch          Hex            1%         N/A       58%         3
 Mephitic Cloud           Conj/Pois/Air  1%         N/A       58%         3
 Ozocubu's Armour         Ice            1%         N/A       58%         3
 Sigil of Binding         Hex            1%         N/A       58%         3
 Vampiric Draining        Necr           1%         2d6       58%         3
 Anguish                  Hex/Necr       0%         N/A       94%         4
 Cause Fear               Hex            0%         N/A       94%         4
 Freezing Cloud           Conj/Ice/Air   0%         6-21      100%        5
 Metabolic Englaciation   Hex/Ice        0%         N/A       100%        5
 Simulacrum               Ice/Necr       0%         N/A       100%        6
 Enfeeble                 Hex            0%         N/A       100%        7


Dungeon Overview and Level Annotations

Branches:
Dungeon (7/15)             Temple (0/1) D:4

Altars:
Ashenzari
Cheibriados
Hepliaklqana
Kikubaaqudgha
Makhleb
Nemelex Xobeh
Okawaru
Zin
Lugonu

Portals:
Abyss: D:4

Annotations:
D:4 2 runed translucent doors, 2 transporters, justen's ghost, amateur MfSh
D:7 Joseph


Innate Abilities, Weirdness & Mutations

You can breathe waves of freezing cold which knock back foes.
Your icy white scales are hard. (AC +6)
You cannot fit into any form of body armour.
Your flesh is cold resistant. (rC+)
You are cold-blooded and may be slowed by cold attacks.


Message History

You hit Joseph.
Joseph is lightly wounded.
Joseph hits you with a +0 quarterstaff!
You are too injured to fight recklessly!
You are too injured to fight recklessly!
You are too injured to fight recklessly!
You are too injured to fight recklessly!
You hit Joseph. You tail-slap Joseph.
Joseph is moderately wounded.
Joseph hits you with a +0 quarterstaff!
* * * LOW HITPOINT WARNING * * *
You closely miss Joseph.
Your tail-slap misses Joseph.
Joseph is moderately wounded.
Joseph hits you with a +0 quarterstaff.
* * * LOW HITPOINT WARNING * * *
You barely miss Joseph.
Joseph is moderately wounded.
You hit Joseph.
Your tail-slap misses Joseph.
Joseph is moderately wounded.
Joseph says, "I'm here to kill trespassers.
I like my job."
Joseph barely misses you.
You hit Joseph.
Your tail-slap misses Joseph.
Joseph is moderately wounded.
Joseph barely misses you.
You hit Joseph but do no damage.
Joseph is moderately wounded.
Joseph closely misses you.
You hit Joseph. You freeze Joseph. You tail-slap Joseph, but do no damage.
Joseph is heavily wounded.
Joseph hits you with a +0 quarterstaff!
* * * LOW HITPOINT WARNING * * *
You barely miss Joseph.
Joseph is heavily wounded.
You hit Joseph.
Your tail-slap misses Joseph.
Joseph is heavily wounded.
Joseph barely misses you.
You hit Joseph.
Joseph is heavily wounded.
Joseph hits you with a +0 quarterstaff.
You die...

.# ###.## #....
# #.#.#.#
###.#.#.#
######..>[...#
#......#.....#
#......#.(...##
.......@.<....#
#.....@#....[##
#......##...##
######. ....#
## #.### #.#
#.# #.#


You could see Joseph.

Vanquished Creatures
  An orc warrior (D:6)
  2 black bears (D:6)
  An ice beast (D:6)
  3 ogres
  A phantom (D:5)
  A bullfrog (D:6)
  A gnoll sergeant (D:6)
  A scorpion (D:4)
  2 hounds (D:5)
  2 iguanas
  2 sleepcaps
  6 orc wizards
  6 gnolls
  7 adders
  A shadow imp (D:5)
  2 ufetubi
  A worm (D:4)
  25 orcs
  8 ball pythons
  4 endoplasms
  A giant cockroach (D:1)
  4 goblins
  7 hobgoblins
  3 jackals (D:1)
  2 quokkas (D:1)
  4 bats
  2 frilled lizards
  5 kobolds
  7 rats
112 creatures vanquished.

Notes
Turn   | Place    | Note
-------+----------+-------------------------------------------
     0 | D:1      | Dordric the Draconian Warper began the quest for the Orb.
     0 | D:1      | Reached XP level 1. HP: 17/17 MP: 3/3
   237 | D:1      | Reached XP level 2. HP: 17/24 MP: 5/5
   905 | D:2      | Reached XP level 3. HP: 28/29 MP: 6/6
  1477 | D:2      | Found a hazy altar of Hepliaklqana.
  1801 | D:3      | Found a burning altar of Makhleb.
  1810 | D:3      | Identified the +7 dagger "Beetlebane" {freeze, rN++ Will-
                  | MP+9 Dex+3}
  1975 | D:3      | Became a worshipper of Makhleb the Destroyer
  1998 | D:4      | Noticed a scorpion
  2006 | D:4      | Killed a scorpion
  2007 | D:4      | Reached XP level 4. HP: 21/36 MP: 7/7
  2015 | D:4      | Reached skill level 5 in Long Blades
  2107 | D:4      | Reached XP level 5. HP: 33/41 MP: 8/8
  2107 | D:4      | Found a staircase to the Ecumenical Temple.
  2310 | D:4      | Found a large runed translucent door.
  2320 | D:4      | Found a transporter.
  2321 | D:4      | Noticed justen's ghost (amateur MfSh)
  2474 | D:4      | Found a one-way gate to the infinite horrors of the Abyss.
  2501 | D:4      | Found a large runed translucent door.
  2501 | D:4      | Found a corrupted altar of Lugonu.
  2520 | D:4      | Found a transporter.
  2664 | D:4      | Reached * piety under Makhleb
  2686 | D:4      | Reached XP level 6. HP: 24/48 MP: 9/9
  2804 | D:4      | Learned a level 4 spell: Manifold Assault
  3062 | D:5      | Entered Level 5 of the Dungeon
  3323 | D:5      | Reached skill level 4 in Translocations
  3653 | D:5      | Reached skill level 5 in Translocations
  3653 | D:5      | Your scales start taking on an icy white colour.
  3653 | D:5      | Reached XP level 7. HP: 55/55 MP: 10/10
  3653 | D:5      | Gained mutation: Your flesh is cold resistant. (rC+) [White
                  | Draconian growth]
  3807 | D:5      | Reached ** piety under Makhleb
  3924 | D:5      | Found a snail-covered altar of Cheibriados.
  3924 | D:5      | Found an iron altar of Okawaru.
  3931 | D:5      | Found a glowing silver altar of Zin.
  3934 | D:5      | Found a sparkling altar of Nemelex Xobeh.
  3936 | D:5      | Found a broken altar of Ashenzari.
  3941 | D:5      | Found an ancient bone altar of Kikubaaqudgha.
  3985 | D:5      | Reached skill level 6 in Translocations
  4472 | D:6      | Reached skill level 7 in Translocations
  4724 | D:6      | Reached XP level 8. HP: 37/61 MP: 11/11
  4762 | D:6      | Reached skill level 8 in Translocations
  5152 | D:6      | Reached skill level 9 in Translocations
  5404 | D:7      | Noticed Joseph
  5420 | D:7      | HP: 2/61 [Joseph/+0 quarterstaff (11)]
  5423 | D:7      | Slain by Joseph

Illustrated notes

Levels and vault maps discovered:
D:1:      ncdulo_watergridlock, layout_loops_cross,
          amcnicky_mini_rare_corridor_liquid, minmay_misc_feat_chi
D:2:      cheibrodos_old_hovel, layout_basic, basic_altar,
          corexii_leaking_fountain, grunt_ministairs_12
D:3:      layout_rooms, mainiacjoe_overflow_boulevard
D:4:      due_chaos_kobolds, layout_basic, minmay_temple_entry_mini_moons,
          gammafunk_ghost_mausoleum
D:5:      layout_cave_pods, nicolae_overflow_hallway_of_the_gods
D:6:      layout_basic
D:7:      layout_loops_cross, serial_shops, nicolae_lakefront_shop, uniq_joseph,
          uniq_menkaure

Skill      XL: |  1  2  3  4  5  6  7  8 |
---------------+-------------------------+-----
Long Blades    | 3 4 5 6 |  6.4
Translocations | 5 7 9 |  9.1
Fighting       | |  2.1
Throwing       | |  0.8
Dodging        | |  2.1
Spellcasting   | |  2.0

Action                     |  1- 3 |  4- 6 |  7- 9 || total
---------------------------+-------+-------+-------++-------
  Melee: Falchion          |    96 |       |       ||    96
         Tailslap          |    11 |    16 |    19 ||    46
         Dagger            |     8 |   124 |   134 ||   266
         Punch             |     1 |       |     3 ||     4
Ability: Breathe Frost     |       |       |     3 ||     3
    Use: Scroll            |       |     8 |     2 ||    10
         Potion            |       |     6 |       ||     6
   Stab: Sleeping          |     1 |       |       ||     1
 Armour: Skin              |    64 |    74 |    78 ||   216
  Dodge: Dodged            |    79 |    76 |    65 ||   220

Table legend: (Time is in decaauts)
 A = Elapsed time spent in this place.
 B = Non-inter-level travel time spent in this place.
 C = Inter-level travel time spent in this place.
 D = Time resting spent in this place.
 E = Time spent auto-exploring this place.
 F = Levels seen in this place.
 G = Mean time per level.
                   A        B        C        D        E       F      G
               +--------+--------+--------+--------+--------+-----+--------+
         Total |   5383 |   5233 |    150 |     70 |   4398 |   7 |  769.0 |
       Dungeon |   5383 |   5233 |    150 |     70 |   4398 |   7 |  769.0 |
               +--------+--------+--------+--------+--------+-----+--------+

Top non-repeatable levels by time:
     D:6: 1169 daAuts
     D:5: 1131 daAuts
     D:4: 1051 daAuts
     D:2: 880 daAuts
     D:1: 725 daAuts
     D:3: 407 daAuts
     D:7: 16 daAuts
